 Dungeon Crawl Stone Soup version 0.28.0-47-ge53b351184 (webtiles) character file.

Game seed: 4901539628080474915

1722 Bruhh the Thaumaturge (level 9, -32/55 HPs)
             Began as a Djinni Fire Elementalist on Apr 28, 2022.
             Annihilated by a white ugly thing (36 damage)
             ... on level 7 of the Dungeon.
             The game lasted 00:08:10 (7797 turns).

Bruhh the Thaumaturge (Djinni Fire Elementalist)    Turns: 7797, Time: 00:08:11

Health: -32/55     AC:  2    Str:  7    XL:     9   Next: 24%
Gold:   245        EV: 12    Int: 20    God:
                   SH:  0    Dex: 15

rFire   + + .      SeeInvis .   (no weapon)
rCold   x . .      Faith    .   (no shield)
rNeg    . . .      Spirit   .   a - +0 robe
rPois   ∞          Reflect  .   (no helmet)
rElec   .          Harm     .   (no cloak)
rCorr   .          Rampage  .   (no gloves)
Will    .....                   (boots unavailable)
Stlth   ++........              (no amulet)
HPRegen 0.18/turn               (no ring)
MPRegen 0.00/turn               (no ring)

@: flying
A: sickness immunity, fire resistance 2, cold vulnerability 1, float, innate
caster, HP casting, extra vitality 1
a: no special abilities


You were on level 7 of the Dungeon.
You visited 1 branch of the dungeon, and saw 7 of its levels.

You collected 245 gold pieces.

Inventory:

Armour
 a - a +0 robe (worn)
Jewellery
 d - an amulet of the acrobat
Wands
 v - a wand of paralysis (5)
Scrolls
 c - 3 scrolls of identify {unknown}
 e - a scroll of immolation {unknown}
 g - a scroll of fog {unknown}
 h - 3 scrolls of blinking {unknown}
 k - a scroll of teleportation {unknown}
 l - a scroll of acquirement {unknown}
 p - a scroll of amnesia {unknown}
 q - a scroll of vulnerability {unknown}
 r - 2 scrolls of summoning {unknown}
 s - a scroll of enchant weapon {unknown}
Potions
 b - 3 potions of curing {unknown}
 f - 2 potions of magic {unknown}
 i - a potion of cancellation {unknown}
 j - a potion of mutation {unknown}
 m - a potion of resistance {unknown}
 n - 2 potions of flight {unknown}
 o - a potion of lignification {unknown}
 t - a potion of degeneration {unknown}
 u - a potion of might {unknown}


   Skills:
 - Level 2.4 Dodging
 - Level 1.8 Stealth
 + Level 9.0 Spellcasting


You had 4 spell levels left.
You knew the following spells:

 Your Spells              Type           Power      Damage    Failure   Level
a - Foxfire               Conj/Fire      100%       2x1d9     1%          1
b - Scorch                Fire           90%        2d10      1%          2
c - Conjure Flame         Conj/Fire      45%        6-21      1%          3
d - Inner Flame           Hex/Fire       45%        N/A       1%          3
e - Flame Wave            Conj/Fire      45%        2d10      1%          4
f - Slow                  Hex            100%       N/A       1%          1
g - Searing Ray           Conj           90%        2d7       1%          2
h - Corpse Rot            Necr/Air       90%        N/A       1%          2
i - Animate Armour        Summ/Erth      90%        N/A       1%          4
Your spell library was empty.

Dungeon Overview and Level Annotations

Branches:
Dungeon (7/15)             Temple (0/1) D:6

Altars:
Cheibriados
Gozag
Makhleb
Ru
Uskayaw
Wu Jian
Zin
The Shining One

Shops:
D:2 [:[=(   D:6 !

Annotations:
D:3 3 runed translucent doors, Revguard's ghost, amateur OgCj


Innate Abilities, Weirdness & Mutations

You are immune to sickness and miasma.
You are immune to poison.
Your flesh is very heat resistant. (rF++)
You are vulnerable to cold. (rC-)
You float through the air rather than walking.
You learn spells naturally, not from books.
Your magical power is your life essence.
You have superior vitality. (+4 MHP)


Message History

Gang up on whom?
Press: ? - help, Dir - move target, f - white ugly thing
Aim: a white ugly thing (ally target) Attack!
Your animated robe barely misses the white ugly thing.
Your animated robe hits the white ugly thing but does no damage.
Your animated robe hits the white ugly thing.
Your animated robe hits the white ugly thing but does no damage.
Casting: Animate Armour (dangerous; 1% risk of failure)
Confirm with . or Enter, or press ? or * to list all spells.
Aiming: Inner Flame (safe; 1% risk of failure)
Press: ? - help, Dir - move target, f/p - white ugly thing
Aim: a white ugly thing (lightly wounded, ally target, chance to affect: 81%)
The white ugly thing is filled with an inner flame.
The white ugly thing closely misses you.
Your animated robe closely misses the white ugly thing. x2
Flames lash the white ugly thing.
Flame seeps out of the white ugly thing.
The white ugly thing is moderately wounded.
The white ugly thing's fire resistance burns away.
The white ugly thing is engulfed in blazing flames.
Flame seeps out of the white ugly thing.
The white ugly thing claws you! The white ugly thing freezes you!!
You feel a terrible chill!
* * * LOW HITPOINT WARNING * * *
The wraith hits your animated robe.
Your animated robe completely misses the wraith.
Your animated robe closely misses the wraith.
You are too injured to fight recklessly!
Casting: Scorch (safe; 1% risk of failure)
Confirm with . or Enter, or press ? or * to list all spells.
Flames lash the white ugly thing but do no damage.
* * * LOW HITPOINT WARNING * * *
The white ugly thing is engulfed in blazing flames.
Flame seeps out of the white ugly thing.
The white ugly thing claws you!
* * * LOW HITPOINT WARNING * * *
The white ugly thing freezes you!!!
You feel a terrible chill!
Ouch! That really hurt!
You die...

..#### #.# .....# #.#
..##.#######.#
............>#
..##.#######.# ..##..#
#.#
#####.######.###########
#......................
##.#######.###.#@#####
...# #. ##[u# ...# #
#.#W# ...# ###.'.#?+
...# #.#.###.# ...#
..#P...P# ...# #.# #####
...... #.. ....## .##


You could see a white ugly thing (inner flame, combustible), a wraith (ally
target) and a friendly animated robe (summoned).

Vanquished Creatures
  Maggie (D:6)
  Grinder (D:3)
  Sigmund (D:2)
  A black bear (D:7)
  An ogre (D:5)
  A necrophage (D:5)
  2 phantoms
  A bullfrog (D:7)
  A wyvern skeleton (D:6)
  A crimson imp (D:6)
  3 jellies
  A centaur skeleton (D:6)
  4 hounds
  An iguana (D:5)
  2 orc wizards
  A hound skeleton (D:4)
  A howler monkey zombie (D:5)
  6 adders
  3 white imps
  4 worms
  4 dart slugs
  17 orcs
  4 bats
  6 endoplasms
  3 giant cockroaches
  8 goblins
  6 hobgoblins
  6 jackals
  A quokka (D:5)
  4 ball pythons
  5 frilled lizards
  8 kobolds
  A quokka skeleton (D:4)
  3 rats (D:1)
113 creatures vanquished.

Vanquished Creatures (others)
  2 demonic plants (D:2)
  16 foxfires (D:1)
  A plant (D:2)
19 creatures vanquished.

Grand Total: 132 creatures vanquished

Notes
Turn   | Place    | Note
-------+----------+-------------------------------------------
     0 | D:1      | Bruhh the Djinni Fire Elementalist began the quest for the
                  | Orb.
     0 | D:1      | Reached XP level 1. HP: 15/15 MP: 0/0
   112 | D:1      | Reached XP level 2. HP: 10/21 MP: 0/0
  1125 | D:1      | Reached XP level 3. HP: 23/25 MP: 0/0
  1125 | D:1      | Learned a level 1 spell: Slow
  1139 | D:1      | Reached skill level 3 in Spellcasting
  1705 | D:2      | Noticed Sigmund
  1713 | D:2      | Killed Sigmund
  1714 | D:2      | Reached skill level 4 in Spellcasting
  1714 | D:2      | Reached XP level 4. HP: 17/31 MP: 0/0
  1714 | D:2      | Reached XP level 5. HP: 20/35 MP: 0/0
  1714 | D:2      | Learned a level 2 spell: Searing Ray
  1714 | D:2      | Reached XP level 6. HP: 22/40 MP: 0/0
  1888 | D:2      | Found Wuijugy's Antique Armour Shoppe.
  1960 | D:2      | Found Gilo's Book Emporium.
  2248 | D:2      | Found Louculur's Antique Weapon Boutique.
  2284 | D:2      | Found Faupsuli's Jewellery Boutique.
  2346 | D:2      | Found Hyplorph's Antique Armour Emporium.
  2392 | D:2      | Found a faded altar of an unknown god.
  2647 | D:3      | Reached skill level 5 in Spellcasting
  3243 | D:3      | Found a burning altar of Makhleb.
  3243 | D:3      | Found a sacrificial altar of Ru.
  3252 | D:3      | Found an ornate altar of the Wu Jian Council.
  3254 | D:3      | Found a glowing golden altar of the Shining One.
  3256 | D:3      | Found a faded altar of an unknown god.
  3282 | D:3      | Noticed Grinder
  3283 | D:3      | Found a snail-covered altar of Cheibriados.
  3284 | D:3      | Paralysed by Grinder for 5 turns
  3292 | D:3      | Killed Grinder
  3293 | D:3      | Reached XP level 7. HP: 3/45 MP: 0/0
  3293 | D:3      | Learned a level 2 spell: Corpse Rot
  3634 | D:3      | Found a glowing silver altar of Zin.
  3634 | D:3      | Noticed an angel
  3662 | D:3      | Noticed Revguard's ghost (amateur OgCj)
  3726 | D:3      | Found a runed translucent gate.
  3726 | D:3      | Found a runed translucent gate.
  3726 | D:3      | Found a runed translucent gate.
  3731 | D:3      | Reached skill level 6 in Spellcasting
  4481 | D:4      | Found a glowing silver altar of Zin.
  4963 | D:4      | Found an opulent altar of Gozag.
  5392 | D:5      | Entered Level 5 of the Dungeon
  5432 | D:5      | Reached XP level 8. HP: 42/50 MP: 0/0
  5796 | D:5      | Reached skill level 7 in Spellcasting
  6392 | D:6      | Found Kopt's Distillery.
  6709 | D:6      | Found a staircase to the Ecumenical Temple.
  6832 | D:6      | Noticed Maggie
  6840 | D:6      | Killed Maggie
  6841 | D:6      | Reached skill level 8 in Spellcasting
  6841 | D:6      | Reached XP level 9. HP: 24/55 MP: 0/0
  6841 | D:6      | Learned a level 4 spell: Animate Armour
  7195 | D:6      | Found a hide-covered altar of Uskayaw.
  7766 | D:7      | Reached skill level 9 in Spellcasting
  7790 | D:7      | Noticed a white ugly thing
  7797 | D:7      | Annihilated by a white ugly thing

Illustrated notes

Levels and vault maps discovered:
D:1:      lightli_arrival_boilingwater, layout_loops_corners,
          corexii_corridor_pit, st_stairs_9, minmay_misc_feat_secret_circle
D:2:      layout_rooms, shapermc_ecumenical_altar_gd, serial_shops,
          nicolae_shop_crystal, nicolae_shop_crystal, nicolae_shop_behind_doors,
          shop_statue, nicolae_shop_trees, uniq_sigmund
D:3:      layout_basic, cheibriados_altar_1, zin_angel,
          chequers_temple_overflow_minitemple, gammafunk_ghost_split,
          minmay_misc_feat_pillars, uniq_grinder
D:4:      layout_cave_pods, lemuel_tele_altar, serial_park,
          serial_park_tiny_pond, serial_park_square1
          [serial_park_minivault_5x5_1], serial_park_tiny_pond,
          serial_park_square3 [serial_park_minivault_5x5_1], serial_park_square1
          [serial_park_minivault_5x5_4]
D:5:      layout_cave_pools
D:6:      layout_basic, nicolae_uskayaw_dance_hall,
          minmay_temple_entry_stoned_glass, serial_shops,
          nicolae_shop_temple_entry_statues_fountains, hex_intersection,
          serial_bayou_pond_a, minmay_fire_ice_demons, uniq_maggie
D:7:      layout_basic, regret_index_temple_of_mockery, minmay_shattered_shrine

Skill      XL: |  1  2  3  4  5  6  7  8  9 |
---------------+----------------------------+-----
Spellcasting   | 4 5 6 8 9 |  9.0
Dodging        | |  2.4
Stealth        | |  1.8

Action                   |  1- 3 |  4- 6 |  7- 9 || total
-------------------------+-------+-------+-------++-------
Melee: Unarmed           |     1 |     8 |     6 ||    15
       Punch             |       |       |     1 ||     1
 Cast: Foxfire           |    11 |       |       ||    11
       Scorch            |    30 |    42 |   108 ||   180
       Inner Flame       |     1 |     1 |     3 ||     5
       Slow              |       |       |     1 ||     1
       Flame Wave        |       |       |     1 ||     1
       Searing Ray       |       |       |     4 ||     4
       Animate Armour    |       |       |     1 ||     1
Armor: Robe              |     4 |     3 |     6 ||    13
Dodge: Dodged            |     7 |     7 |    29 ||    43
